 Dungeon Crawl Stone Soup version 0.20-a0-4-gd166d5d (webtiles) character file.

367 pkoi the Insei (level 6, -4/51 HPs)
             Began as a Draconian Monk on Oct 31, 2016.
             Slain by an ogre
             ... wielding a +0 giant club
              (6 damage)
             ... on level 5 of the Dungeon.
             The game lasted 00:06:52 (4183 turns).

pkoi the Insei (Draconian Monk)                     Turns: 4183, Time: 00:06:52

Health: -4/51      AC:  8    Str: 13    XL:     6   Next: 41%
Magic:  6/6        EV: 11    Int: 10    God:
Gold:   122        SH:  0    Dex: 16    Spells: 0 memorised, 5 levels left

rFire  . . .     SeeInvis .       - Unarmed
rCold  + . .     Gourm    .     (armour unavailable)
rNeg   . . .     Faith    .     (no shield)
rPois  .         Spirit   .     (helmet restricted)
rElec  .         Reflect  .     i - +1 cloak
rCorr  .         Harm     .     (no gloves)
MR     .....                    (no boots)
Stlth  ++........               (no amulet)
                                l - ring of protection from cold
                                e - ring of stealth

@: heavily drained
A: unfitting armour, cold-blooded, AC +6
a: no special abilities


You were on level 5 of the Dungeon.
You were hungry.

You visited 1 branch of the dungeon, and saw 5 of its levels.

You collected 122 gold pieces.

Inventory:

Armour
 i - a +1 cloak (worn)
Jewellery
 e - a ring of stealth (left hand)
 l - a ring of protection from cold (right hand)
Scrolls
 b - 5 scrolls of identify
 g - a scroll of teleportation
Potions
 j - 2 potions of magic
 k - a potion of curing
Comestibles
 a - a bread ration
 c - a meat ration
 f - a beef jerky
 h - a royal jelly


   Skills:
 - Level 3.2(0.9) Fighting
 - Level 2.6(0.4) Dodging
 - Level 1.7(0.0) Stealth
 + Level 7.3(4.7) Unarmed Combat


You had 5 spell levels left.
You didn't know any spells.

Dungeon Overview and Level Annotations

Branches:
Dungeon (5/15)
 Temple: D:4-7

Altars:
Kikubaaqudgha

Shops:
D:5 %

Annotations:
D:4 Mackeanu's ghost, amateur DgHu


Innate Abilities, Weirdness & Mutations

Your plain brown scales are hard. (AC +6)
You cannot fit into any form of body armour.
You are cold-blooded and may be slowed by cold attacks.


Message History

The hound zombie is almost destroyed.
The hound zombie bites you but does no damage.
You hit the hound zombie.
You destroy the hound zombie!
No target in view!
You are feeling hungry.
An ogre comes into view. It is wielding a giant club.
The ogre shouts!
The ogre barely misses you.
You barely miss the ogre. The ogre hits you with a giant club!!
You hit the ogre.
The ogre is lightly wounded.
You hit the ogre.
The ogre is moderately wounded.
The ogre hits you with a giant club!!
* * * LOW HITPOINT WARNING * * *
You hit the ogre but do no damage.
Your tail-slap misses the ogre.
The ogre is moderately wounded.
The ogre hits you with a giant club.
You die...

......##.## ......##.#
......##.# ######
.###..##.# ### ##. ... .#
#..##.# #.# ##.# ..## .#
#..##.# #.## #..# ... .#
#..##.###..###..##.#####.
.#
#..##...#................
.#
#..####.##...@O.#.########
.# #..#
#...................
#..##############.########
#..##.............#
#.#..##.#############
#.#..##.# #<# # #.#..##.#
#.###.#.##
#.#.....#########.........
#.#.......(...........####


You could see an ogre.

Vanquished Creatures
  An orc wizard (D:3)
  An iguana (D:4)
  3 worker ants
  A hound zombie (D:5)
  6 gnolls
  6 adders
  3 oozes
  3 worms (D:2)
  3 dart slugs
  A leopard gecko (D:2)
  9 orcs
  6 bats
  2 giant cockroaches
  9 goblins
  10 hobgoblins
  4 jackals (D:4)
  2 ball pythons
  8 frilled lizards
  A jackal skeleton (D:4)
  4 kobolds (D:1)
  8 rats
91 creatures vanquished.

Notes
Turn   | Place    | Note
-------+----------+-------------------------------------------
     0 | D:1      | pkoi the Draconian Monk began the quest for the Orb.
     0 | D:1      | Reached XP level 1. HP: 19/19 MP: 1/1
   118 | D:1      | Reached XP level 2. HP: 16/26 MP: 2/2
   273 | D:1      | Reached skill level 4 in Unarmed Combat
   481 | D:1      | Reached XP level 3. HP: 25/31 MP: 3/3
   868 | D:2      | Reached XP level 4. HP: 35/38 MP: 4/4
   936 | D:2      | Reached skill level 5 in Unarmed Combat
  1537 | D:3      | Reached XP level 5. HP: 5/45 MP: 5/5
  1951 | D:3      | Reached skill level 6 in Unarmed Combat
  2326 | D:4      | HP: 1/45 [gnoll/flail (5)]
  2796 | D:4      | Reached XP level 6. HP: 26/51 MP: 6/6
  3009 | D:4      | Reached skill level 7 in Unarmed Combat
  3256 | D:4      | Noticed Mackeanu's ghost (amateur DgHu)
  3309 | D:4      | HP: 2/51 [Mackeanu's ghost (1)]
  3595 | D:4      | Found an ancient bone altar of Kikubaaqudgha.
  3654 | D:5      | Entered Level 5 of the Dungeon
  3733 | D:5      | Noticed a sky beast
  4065 | D:5      | Found Bis Buz's Food Emporium.
  4066 | D:5      | Noticed an ice beast
  4182 | D:5      | HP: 2/51 [ogre/giant club (25)]
  4183 | D:5      | Slain by an ogre

Vault maps used:
D:1:      eino_arrival_water_star
D:2:      minmay_lizard_pond
D:4:      kennysheep_mini, kennysheep_nub, dk_noncrumbling_3
D:5:      chequers_temple_overflow_minitemple, marbit_many_paths, first_bread,
          serial_shops, shop, minmay_statues_item, kennysheep_another_room

Skill      XL: |  1  2  3  4  5  6 |
---------------+-------------------+-----
Unarmed Combat | 4 5 6 7 |  7.3
Fighting       | |  3.2
Dodging        | |  2.6
Stealth        | |  1.7

Action                   |  1- 3 |  4- 6 || total
-------------------------+-------+-------++-------
Melee: Unarmed           |   112 |   258 ||   370
       Tailslap          |     8 |    29 ||    37
       Punch             |     3 |     2 ||     5
  Use: Scroll            |       |    12 ||    12
       Potion            |       |     3 ||     3
 Stab: Sleeping          |     3 |     6 ||     9
  Eat: Chunk             |       |     7 ||     7
       Beef jerky        |       |     2 ||     2
Armor: Skin              |    25 |    71 ||    96
Dodge: Dodged            |    77 |   146 ||   223
